cohdb
Replays
Latest Replays
All Replays
Popular Replays
Top Player Replays
Match Explorer
How It Works
Community
CoH3 Stats
Reddit
Sign in to upload your games and track your stats! →
Sign in with Steam
Match 41875777
Unlisted
Match 41875777
Overview
Messages
Build Orders
End
Construct Barracks
Riflemen Squad
Riflemen Squad
Riflemen Squad
Mechanized Support Center
Grenade Package
Construct Motor Pool
Engineer Squad
M8 Greyhound Armored Car
Selects Armored Battlegroup
Selects Strength in Steel
Selects Veteran Crews
Designate Forward Repair Station
Riflemen Squad
Construct Tank Depot
Dawes
Pacific
Whitent
Yami
YB
fusk
Andy Hug
Meh5:30
0
0
Comments
sign in to comment!
No comments posted yet!